 Dungeon Crawl Stone Soup version 0.21-a0-84-g85d6d27 (webtiles) character file.

280 qqqbard the Slasher (level 6, 0/32 HPs)
             Began as a Vine Stalker Berserker on June 28, 2017.
             Was a Believer of Trog.
             Slain by Pikel
             ... wielding a +2 whip of freezing
              (2 damage)
             ... on level 3 of the Dungeon.
             The game lasted 00:03:49 (2731 turns).

qqqbard the Slasher (Vine Stalker Berserker)        Turns: 2731, Time: 00:03:50

Health: 0/32       AC:  6    Str: 22    XL:     6   Next: 27%
Magic:  0/16       EV: 12    Int:  7    God:    Trog [**....]
Gold:   245        SH:  0    Dex: 13    Spells: 5/5 levels left

rFire    . . .     SeeInvis .   a - +0 falchion
rCold    . . .     Gourm    .   (no shield)
rNeg     + . .     Faith    .   f - +0 ring mail
rPois    .         Spirit   +   (no helmet)
rElec    .         Reflect  .   (no cloak)
rCorr    .         Harm     .   h - +0 pair of gloves
MR       .....                  (no boots)
Stlth    +.........             g - amulet of regeneration
HPRegen  0.90/turn              m - ring of magical power
MPRegen  0.15/turn              l - ring of positive energy

@: berserk cooldown, slowed, very slow
A: fangs 2, regeneration 1, magic shield, antimagic bite, no potion heal 3, rot
immunity
a: Berserk, Trog's Hand, Burn Spellbooks, Renounce Religion


You were on level 3 of the Dungeon.
You worshipped Trog.
Trog was pleased with you.
You were not hungry.

You visited 1 branch of the dungeon, and saw 4 of its levels.

You collected 245 gold pieces.

Inventory:

Hand Weapons
 a - a +0 falchion (weapon)
Armour
 f - a +0 ring mail (worn)
 h - a +0 pair of gloves (worn)
Jewellery
 b - an uncursed ring of flight
 g - an amulet of regeneration (around neck)
 l - a ring of positive energy (right hand)
 m - a ring of magical power (left hand)
 u - an uncursed ring of protection from fire
Wands
 k - a wand of random effects (23/48)
 q - a wand of disintegration (13/24)
Scrolls
 e - a scroll of remove curse
 i - 2 scrolls of magic mapping
 n - 2 scrolls of teleportation
 p - a scroll of fear {unknown}
 r - a scroll of recharging
 s - a scroll of immolation {unknown}
 t - a scroll of amnesia {unknown}
Potions
 j - 2 potions of curing {unknown}
 o - a potion of ambrosia {unknown}
Comestibles
 c - 3 bread rations


   Skills:
 + Level 3.5 Fighting
 * Level 4.5 Long Blades
 + Level 2.8 Armour
 + Level 2.5 Dodging


You had 5 spell levels left.
You didn't know any spells.

Dungeon Overview and Level Annotations

Branches:
Dungeon (4/15)
 Temple: D:4-7

Altars:
Qazlal
Trog
The Shining One

Annotations:
D:3 Pikel


Innate Abilities, Weirdness & Mutations

You have extremely sharp teeth.
Your natural rate of healing is unusually fast.
When hurt, damage is shared between your health and your magic reserves.
Your bite disrupts and absorbs the magic of your enemies.
Potions cannot restore your health.
You are immune to rotting.


Message History

* * * LOW HITPOINT WARNING * * *
Pikel freezes you.
* * * LOW HITPOINT WARNING * * *
The slave hits you.
* * * LOW HITPOINT WARNING * * *
Pikel hits you with a whip of freezing.
* * * LOW HITPOINT WARNING * * *
Pikel freezes you.
* * * LOW HITPOINT WARNING * * *
The slave misses you.
Things that are here:
a giant club; 4 chunks of flesh
There is a stone staircase leading up, spattered with blood here.
Pikel misses you.
You climb upwards.
There is a stone staircase leading down here.
Pikel hits you with a whip of freezing!
* * * LOW HITPOINT WARNING * * *
Pikel freezes you.
You die...

##...#.............##.....##.....
#..................#.....##.....
#..................#.....##.....
#..................#.....##.....
#.)..........#.....#.....##.....
#........#.###.....#.....##.....
#....##..#.# #.....#.....##.....
##....#####.###.....###.####...##
......# #.#...'.@...'.#.....#..##
......###.#####.K...#....##.#..##
....#.#.......#....##....##.#..##
....#.#.....#.#....##....##.#....
.[..#.#.....'.#....##....##.##.##
....#.#.....###....##....##.##...
....#'#.#.#...#.......#####.####.
...#)...#.............###......#.
...#..........##...............#.


You could see Pikel.

Vanquished Creatures
  A slave (D:4)
  An ogre (D:4)
  An orc priest (D:3)
  Jessica (D:2)
  An orc wizard (D:3)
  3 adders
  3 worms
  3 orcs (D:3)
  2 ball pythons
  6 bats
  2 giant cockroaches
  11 goblins
  4 hobgoblins
  13 jackals
  2 quokkas (D:2)
  6 frilled lizards
  6 kobolds
  11 rats
77 creatures vanquished.

Notes
Turn   | Place    | Note
-------+----------+-------------------------------------------
     0 | D:1      | qqqbard the Vine Stalker Berserker began the quest for the Orb.
     0 | D:1      | Reached XP level 1. HP: 11/11 MP: 2/2
    65 | D:1      | Reached XP level 2. HP: 4/16 MP: 3/3
   333 | D:1      | Reached skill level 3 in Long Blades
   733 | D:1      | Reached XP level 3. HP: 19/19 MP: 4/4
  1030 | D:2      | Reached ** piety under Trog
  1121 | D:2      | Noticed Jessica
  1129 | D:2      | Killed Jessica
  1129 | D:2      | Gained mutation: Your natural rate of healing is unusually fast. [Vine Stalker growth]
  1129 | D:2      | Reached XP level 4. HP: 15/24 MP: 5/5
  1381 | D:2      | Found a glowing golden altar of the Shining One.
  1382 | D:2      | Found a bloodstained altar of Trog.
  1679 | D:2      | Found a stormy altar of Qazlal.
  2102 | D:3      | Reached XP level 5. HP: 28/28 MP: 6/6
  2147 | D:3      | Reached skill level 4 in Long Blades
  2615 | D:4      | Noticed an ogre
  2707 | D:4      | Killed an ogre
  2707 | D:4      | Reached XP level 6. HP: 16/32 MP: 7/7
  2708 | D:4      | Noticed a slave
  2711 | D:4      | Noticed a slave
  2713 | D:4      | Noticed Pikel
  2718 | D:4      | Killed a slave
  2731 | D:3      | Slain by Pikel

Vault maps used:
D:1:      zaba_arrival_water, minmay_misc_feat_diagonals
D:2:      lemuel_round_altar, grunt_temple_overflow_open, minmay_vboxes,
          uniq_jessica
D:4:      uniq_pikel, uniq_edmund

Skill      XL: |  1  2  3  4  5 |
---------------+----------------+-----
Long Blades    | 3 4 |  4.5
Armour         | 2 |  2.8
Fighting       | 3 |  3.5
Dodging        | 2 |  2.5

Action                   |  1- 3 |  4- 6 || total
-------------------------+-------+-------++-------
Melee: Falchion          |   105 |   120 ||   225
       Bite              |    29 |    40 ||    69
Invok: Berserk           |     2 |     2 ||     4
  Use: Scroll            |     4 |     3 ||     7
  Eat: Chunk             |     3 |     6 ||     9
Armor: Animal skin       |     8 |       ||     8
       Ring mail         |    30 |    38 ||    68
Dodge: Dodged            |    82 |    63 ||   145
       Rpst.: Falchion   |    27 |    23 ||    50
